 Dungeon Crawl Stone Soup version 0.24.0-123-gd5b16e6ec5 (webtiles) character file.

Game seed: 2958053259430460912, levelgen mode: deterministic

319 Gruesph the Charlatan (level 6, -1/48 HPs)
             Began as a Demonspawn Artificer on Jan 13, 2020.
             Slain by an ogre
             ... wielding a +0 giant club
              (7 damage)
             ... on level 4 of the Dungeon.
             The game lasted 00:22:49 (4467 turns).

Gruesph the Charlatan (Demonspawn Artificer)        Turns: 4467, Time: 00:22:49

Health: -1/48      AC:  7    Str: 15    XL:     6   Next: 21%
Magic:  0/9        EV:  9    Int: 12    God:
Gold:   140        SH:  8    Dex: 13    Spells: 5/5 levels left

rFire    + + .     SeeInvis .   a - +0 war axe
rCold    . . .     Gourm    .   u - +1 shield
rNeg     . . .     Faith    .   l - +2 ring mail {rF+}
rPois    .         Spirit   +   (no helmet)
rElec    .         Reflect  .   (no cloak)
rCorr    .         Harm     .   (no gloves)
MR       .....                  (no boots)
Stlth    +.........             (no amulet)
HPRegen  0.16/turn              (no ring)
MPRegen  0.11/turn              (no ring)

@: no status effects
A: fire resistance 1, magic shield, sturdy frame 2
a: no special abilities


You were on level 4 of the Dungeon.
You were very hungry.

You visited 1 branch of the dungeon, and saw 4 of its levels.

You collected 140 gold pieces.

Inventory:

Hand Weapons
 a - a +0 war axe (weapon)
 b - a +1 hunting sling
Missiles
 k - 34 stones (quivered)
 o - 17 sling bullets
Armour
 l - a +2 ring mail of fire resistance (worn)
 u - a +1 shield (worn)
Jewellery
 w - an uncursed ring of see invisible {unknown}
Wands
 c - a wand of digging (3)
 d - a wand of enslavement (8)
 e - a wand of random effects (15)
Potions
 g - a potion of cancellation {unknown}
 m - 3 potions of brilliance
 n - a potion of flight
 q - 2 potions of curing
 s - a potion of might {unknown}
 t - a potion of heal wounds {unknown}
 v - a potion of ambrosia {unknown}
Comestibles
 f - 4 rations


   Skills:
 + Level 3.9 Fighting
   Level 0.8 Short Blades
 * Level 2.4 Axes
 - Level 1.7 Dodging
 - Level 0.8 Stealth
 + Level 4.9 Evocations


You had 5 spell levels left.
You didn't know any spells.
Your spell library was empty.

Dungeon Overview and Level Annotations

Branches:
Dungeon (4/15)
 Temple: D:4-7

Altars:
Dithmenos
Elyvilon
Hepliaklqana
Sif Muna

Annotations:
D:4 Eustachio


Innate Abilities, Weirdness & Mutations

Your flesh is heat resistant. (rF+)
When hurt, damage is shared between your health and your magic reserves.
Your movements are less encumbered by armour. (ER -4)


Message History

The ogre is severely wounded.
You block the ogre's attack. The ogre hits you with a +0 giant club!
Your shield prevents you from hitting the ogre.
The ogre is heavily wounded.
The ogre hits you with a +0 giant club.
You hit the ogre.
The ogre is severely wounded.
The ogre hits you with a +0 giant club!
You barely miss the ogre.
The ogre is severely wounded.
The ogre misses you.
You barely miss the ogre.
The ogre is severely wounded.
The ogre barely misses you.
Your shield prevents you from hitting the ogre.
The ogre is severely wounded.
The ogre hits you with a +0 giant club!
* * * LOW HITPOINT WARNING * * *
The ogre hits you with a +0 giant club!
You die...

**,*,**,,*,>,,,,**
*,,,,,,,*#.,,....#
**,*,*,,,*.###...#
*,,,,,,,,,,......#
**,*,**##,##.....#
*,,,,,*#..#......###*###
##*#.#.####....)...#.##..#
.........##.##....#......#
...#.#.#........@##......# ***
.,#...........##O##.....## *,*
.###.#.#......#...#)....####.**
........>..##.............r..,**
...#.#.#..#*#.##....##.#...#.,,**
..........###.##...........#.,,*,
...#.#.#..[#...#...#.........,,,,
..........).....#.##.<.#####.,,,,
##..#.....[###.##...Z..# *,,,,,


You could see an ogre.

Vanquished Creatures
  3 hounds
  An orc priest (D:4)
  An orc wizard (D:4)
  Ijyb (D:3)
  A hound skeleton (D:4)
  3 adders
  An adder skeleton (D:4)
  2 worms
  A leopard gecko (D:3)
  9 orcs
  2 ball pythons
  5 giant cockroaches
  9 goblins
  11 hobgoblins
  2 jackals (D:3)
  13 kobolds
  3 quokkas
  8 bats
  6 frilled lizards
  7 rats
89 creatures vanquished.

Vanquished Creatures (collateral kills)
  A hobgoblin (D:3)
  A quokka (D:3)
2 creatures vanquished.

Grand Total: 91 creatures vanquished

Notes
Turn   | Place    | Note
-------+----------+-------------------------------------------
     0 | D:1      | Gruesph the Demonspawn Artificer began the quest for the
                  | Orb.
     0 | D:1      | Reached XP level 1. HP: 15/15 MP: 3/3
   153 | D:1      | You fall into a shaft and drop 1 floor!
   194 | D:1      | Gained mutation: Your flesh is heat resistant. (rF+)
                  | [demonic ancestry]
   194 | D:1      | Reached XP level 2. HP: 21/21 MP: 4/4
   810 | D:1      | Reached XP level 3. HP: 27/27 MP: 5/5
  1467 | D:2      | Found a hazy altar of Hepliaklqana.
  1657 | D:2      | Found a hazy altar of Hepliaklqana.
  2153 | D:2      | Found a shimmering blue altar of Sif Muna.
  2196 | D:3      | Found a white marble altar of Elyvilon.
  2200 | D:3      | Found a shadowy altar of Dithmenos.
  2240 | D:3      | Reached skill level 4 in Evocations
  2379 | D:3      | Gained mutation: Your movements are slightly less
                  | encumbered by armour. (ER -2) [demonic ancestry]
  2379 | D:3      | Reached XP level 4. HP: 25/34 MP: 7/7
  2584 | D:3      | Noticed Ijyb
  2613 | D:3      | Killed Ijyb
  3461 | D:3      | Gained mutation: Your movements are less encumbered by
                  | armour. (ER -4) [demonic ancestry]
  3461 | D:3      | Reached XP level 5. HP: 23/41 MP: 8/8
  3828 | D:4      | Reached skill level 1 in Axes
  4276 | D:4      | Gained mutation: When hurt, damage is shared between your
                  | health and your magic reserves. [demonic ancestry]
  4276 | D:4      | Reached XP level 6. HP: 45/48 MP: 9/9
  4399 | D:4      | Noticed Eustachio
  4467 | D:4      | Slain by an ogre

Levels and vault maps discovered:
D:1:      minmay_arrival_wavy_path, layout_loops_ring, hangedman_decor_growths
D:2:      layout_basic, nicolae_overflow_crystal_walls, kennysheep_flooded_box,
          lemuel_blue_sif_altar
D:3:      layout_loops_cross, elyvilon_altar_4,
          grunt_dithmenos_smoke_and_mirrors, uniq_ijyb
D:4:      layout_cave_pools, st_stairs_13, uniq_crazy_yiuf_cottage,
          uniq_eustachio

Skill      XL: |  1  2  3  4  5 |
---------------+----------------+-----
Fighting       | 2 3 |  3.9
Evocations     | 4 |  4.9
Axes           | 2 |  2.4
Short Blades   | |  0.8
Dodging        | |  1.7
Stealth        | |  0.8

Action                   |  1- 3 |  4- 6 || total
-------------------------+-------+-------++-------
Melee: Short sword       |   223 |    42 ||   265
       War axe           |       |    91 ||    91
 Fire: Hunting sling     |     9 |    17 ||    26
Evoke: Wand              |     8 |    14 ||    22
  Use: Scroll            |       |     7 ||     7
  Eat: Chunk             |     2 |     5 ||     7
       Ration            |     1 |       ||     1
Armor: Ring mail         |    84 |   107 ||   191
       Leather armour    |     1 |       ||     1
Dodge: Dodged            |   130 |   104 ||   234
Block: Shield            |       |    56 ||    56
